 Dungeon Crawl Stone Soup version 0.19-a0-1834-g6b7851e (webtiles) character file.

13 Alarkh the Firebug (level 2, -14/19 HPs)
             Began as a Mummy Fire Elementalist on Oct 9, 2016.
             Engulfed by a cloud of flame (33 damage)
             ... on level 1 of the Dungeon.
             The game lasted 00:00:59 (668 turns).

Alarkh the Firebug (Mummy Fire Elementalist)         Turns: 668, Time: 00:00:59

Health: -14/19     AC:  3    Str: 11    XL:     2   Next: 24%
Magic:  2/5        EV: 12    Int: 14    God:
Gold:   22         SH:  0    Dex: 12    Spells: 1 memorised, 4 levels left

rFire  x . .     SeeInvis .     c - +0 short sword (curse)
rCold  + . .     Gourm    .     a - +0 robe
rNeg   + + +     Faith    .     (no shield)
rPois  ∞         Spirit   .     (no helmet)
rElec  .         Dismiss  .     (no cloak)
rCorr  .         Reflect  .     d - +0 pair of gloves
MR     .....     Harm     .     (no boots)
Stlth  ++........               (no amulet)
                                (no ring)
                                (no ring)

@: very slightly contaminated
A: no food or potions, fire vulnerability, cold resistance 1, negative energy
resistance 3, torment resistance, unbreathing
a: no special abilities


You were on level 1 of the Dungeon.
You were not hungry.

You visited 1 branch of the dungeon, and saw 1 of its levels.

You collected 22 gold pieces.

Inventory:

Hand Weapons
 c - a cursed +0 short sword (weapon)
Armour
 a - a +0 robe (worn)
 d - a +0 pair of gloves (worn)
Books
 b - a book of Flames

   Spells                             Type                      Level
   a - Flame Tongue                   Conjuration/Fire             1
   b - Throw Flame                    Conjuration/Fire             2
   c - Conjure Flame                  Conjuration/Fire             3
   d - Inner Flame                    Hexes/Fire                   3
   e - Sticky Flame                   Conjuration/Fire             4
   f - Fireball                       Conjuration/Fire             5


   Skills:
 - Level 1.5 Dodging
 - Level 1.5 Stealth
 + Level 2.1 Spellcasting
 + Level 1.2 Conjurations
 + Level 2.7 Fire Magic


You had 4 spell levels left.
You knew the following spells:

 Your Spells              Type           Power        Failure   Level  Hunger
a - Flame Tongue          Conj/Fire      #....        12%         1    N/A

Dungeon Overview and Level Annotations

Branches:
Dungeon (1/15)

Altars:

Annotations:
D:1 1 exclusion


Innate Abilities, Weirdness & Mutations

You do not eat or drink.
Your flesh is vulnerable to fire.
You are immune to poison.
Your flesh is cold resistant. (rC+)
You are immune to negative energy. (rN+++)
You are immune to unholy pain and torment.
You can survive without breathing.


Message History

The flame tongue hits the hobgoblin.
The hobgoblin is almost dead.
The hobgoblin hits you but does no damage.
Casting: Flame Tongue
Confirm with . or Enter, or press ? or * to list all spells.
Aiming: Flame Tongue
Press: ? - help, Shift-Dir - straight line, f/p - hobgoblin
Aim: a hobgoblin, wielding a club (almost dead)
The flame tongue hits the hobgoblin.
You kill the hobgoblin!
No target in view!
Things that are here:
a club; a hobgoblin corpse The leopard gecko hisses angrily.
Really walk into a travel-excluded area?
Really walk into that cloud of flame?
Okay, then.
You are engulfed in roaring flames.
Ouch! That really hurt!
You die...

###.# #§§§# ....#
#####...##### #####
##..§§.$$$.§§§.## #...
§...$.§§§..# #..
§.....§ §..# #.# #lK.#
#.########## #.# #§§§#
#........... ########.#
#§§§# ############
.....#...# #§§@#
.....#)..# #...# ###
.....#.>.######.#....##
.....'..........#.>....
.....######............
.....# #...)..##....
#'#### #......# .###
#.# #......# # #.#
#......#


You could see a leopard gecko and a kobold.

Vanquished Creatures
  A dart slug (D:1)
  2 goblins (D:1)
  2 hobgoblins (D:1)
  5 kobolds (D:1)
  A bat (D:1)
11 creatures vanquished.

Notes
Turn   | Place    | Note
-------+----------+-------------------------------------------
     0 | D:1      | Alarkh the Mummy Fire Elementalist began the quest for the Orb.
     0 | D:1      | Reached XP level 1. HP: 13/13 MP: 3/3
    30 | D:1      | Reached skill level 1 in Conjurations
   404 | D:1      | Reached XP level 2. HP: 6/19 MP: 0/5
   668 | D:1      | Engulfed by a cloud of flame

Vault maps used:
D:1:      matt_arrival_grand_opening, lemuel_flame_loot_1

Skill      XL: |  1 |
---------------+----+-----
Conjurations   | 1 |  1.2
Dodging        | |  1.5
Stealth        | |  1.5
Spellcasting   | |  2.1
Fire Magic     | |  2.7

Action                   || total
-------------------------++-------
Melee: Short sword       ||    20
 Cast: Flame Tongue      ||    17
Armor: Robe              ||     5
Dodge: Dodged            ||    14
